 Dungeon Crawl Stone Soup version 0.27.1 (webtiles) character file.

Game seed: 3310407838103381448

4266 Destapler the Skirmisher (level 10, -3/89 (100) HPs)
             Began as a Troll Berserker on Aug 31, 2021.
             Was a Priest of Trog.
             Slain by an orc warrior (7 damage)
             ... on level 8 of the Dungeon.
             The game lasted 00:16:14 (5750 turns).

Destapler the Skirmisher (Troll Berserker)          Turns: 5750, Time: 00:16:15

HP:   -3/89 (100)   AC: 11    Str: 27    XL:     10   Next: 10%
MP:   9/9           EV: 12    Int:  3    God:    Trog [***...]
Gold: 262           SH:  0    Dex: 12    Spells: 9/9 levels left

rFire    + . .     SeeInvis .   a - +5 long sword
rCold    . . .     Faith    .   (no shield)
rNeg     . . .     Spirit   .   b - +0 animal skin
rPois    .         Reflect  .   (helmet restricted)
rElec    .         Harm     .   r - +2 cloak
rCorr    .         Rampage  .   (gloves unavailable)
Will     ++...                  (boots unavailable)
Stlth    +.........             (no amulet)
HPRegen  2.24/turn              t - ring of protection from fire
MPRegen  0.11/turn              w - +4 ring of protection

@: strong-willed, regenerating, slowed, heavily drained, very slow
A: large, unfitting armour, claws 3, regeneration 1, shaggy fur 1, tough skin 1
a: Renounce Religion, Berserk, Trog's Hand


You were on level 8 of the Dungeon.
You worshipped Trog.
Trog was most pleased with you.
You visited 1 branch of the dungeon, and saw 9 of its levels.

You collected 307 gold pieces.
You spent 45 gold pieces at shops.

Inventory:

Hand Weapons
 a - a +5 long sword (weapon)
Missiles
 o - 15 poisoned darts (quivered)
 q - 9 boomerangs
Armour
 b - a +0 animal skin (worn)
 r - a +2 cloak (worn)
Jewellery
 t - a ring of protection from fire (left claw)
 w - a +4 ring of protection (right claw)
Wands
 f - a wand of flame (14)
Scrolls
 d - a scroll of magic mapping
 g - 4 scrolls of identify {unknown}
 m - a scroll of fear {unknown}
 p - 3 scrolls of amnesia {unknown}
 s - 2 scrolls of fog {unknown}
 v - a scroll of immolation {unknown}
 x - a scroll of blinking {unknown}
 y - a scroll of teleportation
 B - 2 scrolls of vulnerability {unknown}
Potions
 c - 4 potions of curing
 e - 2 potions of lignification {unknown}
 h - a potion of cancellation {unknown}
 i - a potion of heal wounds {unknown}
 j - 4 potions of berserk rage {unknown}
 k - 4 potions of brilliance {unknown}
 l - a potion of resistance {unknown}
 n - 2 potions of degeneration {unknown}
 u - a potion of magic {unknown}
 z - a potion of invisibility {unknown}
 A - a potion of attraction {unknown}
 C - a potion of might {unknown}


   Skills:
 + Level 6.6 Fighting
 - Level 2.6 Maces & Flails
 + Level 6.6 Throwing
 + Level 6.6 Dodging
 + Level 6.0 Shields


You had 9 spell levels left.
You didn't know any spells.
Your spell library contained the following spells:

 Spells                   Type           Power      Damage    Failure   Level
 Slow                     Hex            0%         N/A       67%         2
 Confusing Touch          Hex            0%         N/A       88%         3
 Vampiric Draining        Necr           0%         2d6       88%         3
 Animate Dead             Necr           0%         N/A       99%         4
 Dispel Undead            Necr           0%         3d6       99%         4
 Summon Forest            Summ/Tloc      0%         N/A       100%        5
 Summon Mana Viper        Hex/Summ       0%         N/A       100%        5
 Yara's Violent Unravell  Hex/Tmut       0%         3d3       100%        5
 Shadow Creatures         Summ           N/A        N/A       100%        6
 Haunt                    Necr/Summ      0%         N/A       100%        7
 Infestation              Necr           0%         N/A       100%        8
 Death's Door             Necr           0%         N/A       100%        9


Dungeon Overview and Level Annotations

Branches:
Dungeon (9/15)             Temple (0/1) D:6
   Lair: D:8-11         Orc: D:9-12

Altars:
Ashenzari
Gozag

Shops:
D:3 ?   D:7 [


Innate Abilities, Weirdness & Mutations

You are too large for most types of armour.
You have claws for hands.
Your natural rate of healing is unusually fast.
You are covered in fur. (AC +1)
You have tough skin. (AC +1)


Message History

The orc wizard closely misses you.
You riposte.
You slash the orc wizard!
The orc wizard is severely wounded.
The orc warrior hits you with a +0 glaive.
You slash the orc wizard!
You kill the orc wizard!
Trog accepts your kill.
Trog appreciates your killing of a magic user.
The orc warrior barely misses you.
You completely miss the orc warrior.
The orc warrior is moderately wounded.
The orc warrior hits you with a +0 glaive!
* * * LOW HITPOINT WARNING * * *
The orc warrior hits you but does no damage.
The orc warrior throws a curare-tipped dart.
The curare-tipped dart hits you.
You are poisoned.
You have difficulty breathing.
* * * LOW HITPOINT WARNING * * *
You feel yourself slow down.
You feel very sick. The orc warrior closely misses you.
The orc warrior hits you but does no damage.
There is a stone staircase leading up, spattered with blood here.
You feel sick. The orc warrior barely misses you.
The orc warrior hits you with a +0 glaive!
* * * LOW HITPOINT WARNING * * *
The orc warrior hits you from afar with a +0 glaive.
* * * LOW HITPOINT WARNING * * *
The orc warrior closely misses you.
You riposte.
You hit the orc warrior.
The orc warrior is lightly wounded.
You climb upwards.
You feel very sick.
There is a stone staircase leading down, spattered with blood here.
You feel better. The orc warrior barely misses you.
Your skin crawls.
You feel strong-willed.
The orc warrior hits you with a +0 glaive!!
* * * LOW HITPOINT WARNING * * *
The orc warrior hits you with a +0 glaive!
You die...

#####.....#........#
#...#.....#........#
....#.....#........#
....#.....#........#
....'....[+.......[#
#..##.....########[##
#..#................#
.(.#...........[.[..#
...#...........รท@o..#
...#............[[..#
#'##................#
........##########'##
........#..........#
........#..........#
........+..........#
........#.##..##...#
.###+####.##..##...#


You could see an orc warrior.

Vanquished Creatures
  Pikel (D:5)
  A salamander (shapeshifter) (D:9)
  6 yaks (D:8)
  A steam dragon (D:8)
  Menkaure (D:5)
  A water moccasin (D:5)
  2 ice beasts
  An orc warrior (D:8)
  A black bear (D:6)
  2 ogres
  2 centaurs
  A lemure (D:5)
  A phantom (D:5)
  4 scorpions
  A bullfrog (D:4)
  A water moccasin zombie (D:6)
  A wyvern skeleton (D:6)
  The ghost of YellowTheWhite the Shield-Bearer, a weakling DgFi (D:3)
  An electric eel (D:6)
  5 wights
  5 hounds
  A jelly (D:6)
  A centaur zombie (D:8)
  Crazy Yiuf (D:5)
  2 bullfrog skeletons (D:6)
  An orc priest (D:5)
  A centaur skeleton (D:6)
  A gnoll shaman (D:8)
  2 iguanas
  Ijyb (D:5)
  10 orc wizards
  A hound skeleton (D:5)
  2 howler monkey zombies
  5 gnolls (D:8)
  4 adders
  A shadow imp (D:6)
  A white imp (D:6)
  A worm (D:3)
  2 dart slugs
  21 orcs
  4 ball pythons
  6 endoplasms
  2 giant cockroaches
  9 goblins
  7 hobgoblins
  8 kobolds
  5 quokkas
  6 bats
  A frilled lizard (D:1)
  A rat (D:1)
148 creatures vanquished.

Notes
Turn   | Place    | Note
-------+----------+-------------------------------------------
     0 | D:1      | Destapler the Troll Berserker began the quest for the Orb.
     0 | D:1      | Reached XP level 1. HP: 22/22 MP: 0/0
   175 | D:1      | Reached XP level 2. HP: 29/29 MP: 1/1
   438 | D:1      | Reached skill level 1 in Throwing
   597 | D:1      | Reached XP level 3. HP: 33/36 MP: 2/2
   726 | D:2      | Reached ** piety under Trog
   889 | D:2      | Reached skill level 1 in Shields
   913 | D:2      | Found a faded altar of an unknown god.
   913 | D:2      | Noticed a Brimstone Fiend
  1085 | D:2      | Found an opulent altar of Gozag.
  1332 | D:3      | Reached XP level 4. HP: 36/44 MP: 3/3
  1647 | D:3      | Found a runed translucent gate.
  1648 | D:3      | Found a runed translucent gate.
  1649 | D:3      | Found a runed translucent gate.
  1651 | D:3      | Noticed YellowTheWhite's ghost (weakling DgFi)
  1661 | D:3      | Killed YellowTheWhite's ghost
  1662 | D:3      | Reached XP level 5. HP: 53/53 MP: 4/4
  1762 | D:3      | Found Geejiot's Magic Scroll Shop.
  1770 | D:3      | Bought a scroll of magic mapping for 35 gold pieces
  1770 | D:3      | Bought a scroll of noise for 10 gold pieces
  1920 | D:4      | Noticed an ogre
  1927 | D:4      | Killed an ogre
  1982 | D:4      | Reached XP level 6. HP: 61/61 MP: 5/5
  2537 | D:5      | Entered Level 5 of the Dungeon
  2551 | D:5      | Noticed an ice beast
  2560 | D:4      | Killed an ice beast
  2620 | D:5      | Reached XP level 7. HP: 68/68 MP: 6/6
  2631 | D:5      | Reached *** piety under Trog
  2730 | D:5      | Noticed Pikel
  2731 | D:5      | Noticed Menkaure
  2732 | D:5      | Noticed Ijyb
  2793 | D:5      | Killed Menkaure
  2808 | D:5      | Killed Ijyb
  2870 | D:5      | Found a runed translucent door.
  2871 | D:5      | Noticed Crazy Yiuf
  2924 | D:5      | Killed Pikel
  2925 | D:5      | Reached XP level 8. HP: 79/79 MP: 7/7
  3201 | D:5      | Killed Crazy Yiuf
  3423 | D:6      | Reached skill level 5 in Fighting
  3423 | D:6      | Reached skill level 5 in Dodging
  3536 | D:6      | Reached skill level 5 in Throwing
  3618 | D:6      | Found a broken altar of Ashenzari.
  3650 | D:6      | Found a staircase to the Ecumenical Temple.
  3666 | D:6      | Reached XP level 9. HP: 88/88 MP: 8/8
  4199 | D:7      | Found Gaanwano's Antique Armour Emporium.
  4433 | D:7      | Got Ereshkigal's Reference Book on Stolen Souls
  4613 | D:8      | Reached skill level 5 in Shields
  5324 | D:9      | Noticed a salamander
  5331 | D:9      | Killed a salamander
  5514 | D:8      | Reached XP level 10. HP: 46/100 MP: 9/9
  5750 | D:8      | HP: 4/89 [orc warrior (20)]
  5750 | D:8      | Slain by an orc warrior

Illustrated notes

Levels and vault maps discovered:
D:1:      shiori_arrival_oz, layout_loops_ring, st_stairs_8, glass_columns_a
D:2:      layout_loops_ring, dreamdust_ecumenical_altar_sealed_demon,
          basic_altar, minmay_misc_feat_enclosed
D:3:      layout_basic, ebering_ghost_rock_garden, serial_shops, shop
D:4:      layout_loops_ring
D:5:      layout_rooms, supply_closet_lemuel, uniq_menkaure, uniq_pikel,
          uniq_crazy_yiuf_cottage, uniq_ijyb
D:6:      layout_loops_corners, kennysheep_little_box,
          minmay_temple_entry_statues_fountains, kennysheep_diamond
D:7:      layout_basic, serial_shops, nicolae_shop_crystal
D:8:      layout_gridville
D:9:      layout_rooms, ebering_ghost_funeral_grove, hangedman_feature_mirror,
          grunt_decor_fettered

Skill      XL: |  1  2  3  4  5  6  7  8  9 10 |
---------------+-------------------------------+-----
Throwing       | 1 2 3 4 5 6 |  6.6
Shields        | 1 2 3 4 5 6 |  6.0
Dodging        | 3 4 5 6 |  6.6
Fighting       | 3 4 5 6 |  6.6
Maces & Flails | |  2.6

Action                   |  1- 3 |  4- 6 |  7- 9 | 10-12 || total
-------------------------+-------+-------+-------+-------++-------
Melee: Long sword        |    80 |    61 |   246 |    33 ||   420
       Mace              |     1 |       |       |       ||     1
Throw: Dart              |       |     3 |    20 |       ||    23
Invok: Berserk           |       |     4 |     6 |     1 ||    11
       Trog's Hand       |       |     1 |     7 |     3 ||    11
  Use: Scroll            |       |       |     2 |       ||     2
       Potion            |       |       |       |     1 ||     1
 Stab: Sleeping          |     2 |       |       |       ||     2
Armor: Animal skin       |    38 |    19 |   169 |    23 ||   249
Dodge: Dodged            |    40 |    45 |   275 |    42 ||   402
       Rpst.: Long sword |    15 |    18 |    86 |    10 ||   129
